 Dungeon Crawl Stone Soup version 0.27.1-34-g3ba077fa99 (webtiles) character file.

Game seed: 8216825886322742441

4 CrazyMind the Shield-Bearer (level 1, -1/11 HPs)
             Began as a Vine Stalker Fighter on Jan 19, 2022.
             Succumbed to a goblin's poison
             ... on level 1 of the Dungeon.
             The game lasted 00:01:57 (85 turns).

CrazyMind the Shield-Bearer (Vine Stalker Fighter)    Turns: 85, Time: 00:01:58

Health: -1/11      AC:  6    Str: 18    XL:     1   Next: 60%
Magic:  2/2        EV:  7    Int:  8    God:
Gold:   5          SH:  9    Dex: 13    Spells: 0/0 levels left

rFire    + . .     SeeInvis .   a - +0 flail
rCold    . . .     Faith    .   c - +0 kite shield
rNeg     . . .     Spirit   +   b - +0 scale mail
rPois    .         Reflect  .   (no helmet)
rElec    .         Harm     .   (no cloak)
rCorr    .         Rampage  .   (no gloves)
Will     .....                  (no boots)
Stlth    ..........             (no amulet)
HPRegen  0.03/turn              f - ring of protection from fire
MPRegen  0.08/turn              (no ring)

@: mighty, lethally poisoned (-1 -> -24)
A: fangs 2, magic shield, antimagic bite, no potion heal 2
a: no special abilities


You were on level 1 of the Dungeon.
You visited 1 branch of the dungeon, and saw 1 of its levels.

You collected 5 gold pieces.

Inventory:

Hand Weapons
 a - a +0 flail (weapon)
Armour
 b - a +0 scale mail (worn)
 c - a +0 kite shield (worn)
Jewellery
 f - a ring of protection from fire (left hand)


   Skills:
 + Level 2.7 Fighting
 + Level 1.8 Maces & Flails
 + Level 2.5 Armour
 * Level 2.7 Shields


You couldn't memorise any spells.
You didn't know any spells.
Your spell library contained the following spells:

 Spells                   Type           Power      Damage    Failure   Level
 Ensorcelled Hibernation  Hex/Ice        0%         N/A       100%        2
 Spider Form              Tmut/Pois      0%         N/A       100%        3
 Shadow Creatures         Summ           N/A        N/A       100%        6


Dungeon Overview and Level Annotations

Branches:
Dungeon (1/15)

Altars:


Innate Abilities, Weirdness & Mutations

You have extremely sharp teeth.
When hurt, damage is shared between your health and your magic reserves.
Your bite disrupts and absorbs the magic of your enemies.
Potions cannot restore your health.


Message History

A rat comes into view.
A rat is nearby!
Found a flail.
You hit the rat.
You kill the rat!
You now have 5 gold pieces.
A hobgoblin and a dart slug come into view.
The hobgoblin shouts!
A rat comes into view.
The hobgoblin moves out of view.
Save game and exit?
Welcome back, CrazyMind the Vine Stalker Fighter.
Press ? for a list of commands and other information.
A ball python comes into view.
The ball python hisses angrily.
You hear an angry hiss.
A goblin comes into view. It is wielding a +0 dagger of venom.
The goblin shouts!
You see here a +0 dagger.
You barely miss the goblin. Your bite misses the goblin.
The goblin hits you but does no damage. You block the goblin's attack.
You hit the goblin but do no damage. Your bite misses the goblin.
The goblin hits you but does no damage.
You are poisoned.
Press: ? - help, v - describe, . - travel
Here: a goblin, wielding a +0 dagger of venom The floor.
Unknown command.
Unknown command.
It was a potion of heal wounds.
That seemed strangely inert.
You feel sick. The goblin hits you but does no damage.
You are lethally poisoned!
Okay, then.
You feel very mighty all of a sudden.
You feel very sick. The goblin hits you but does no damage.
You are more poisoned.
You bludgeon the goblin!!
You kill the goblin!
Ouch! That really hurt!
You die...

#.#.....#.#.......#####
#.........#............
#>...>...>#..........# ..
###.........#........###.##..
###########..........#.....
#.......##.#.....
###..##..........
#...######.......
#.#.@)rgS........
#.#.#####........ ....#
#...#####.... #..#####...##
..# . #.###......r## ...#.
#.##.........## .... #
#..........r##..# .
#...........#...#...
#...........g.#.....


You could see a hobgoblin, a ball python and a rat.

Vanquished Creatures
  A ball python (D:1)
  2 goblins (D:1)
  2 rats (D:1)
5 creatures vanquished.

Notes
Turn   | Place    | Note
-------+----------+-------------------------------------------
     0 | D:1      | CrazyMind the Vine Stalker Fighter began the quest for the
                  | Orb.
     0 | D:1      | Reached XP level 1. HP: 11/11 MP: 2/2
    85 | D:1      | Succumbed to a goblin's poison

Illustrated notes

Levels and vault maps discovered:
D:1:      lemuel_arrival_broad_hall, layout_rooms, kennysheep_crisscross

Action                   || total
-------------------------++-------
Melee: Flail             ||     9
       Bite              ||     1
  Use: Potion            ||     2
Armor: Scale mail        ||     4
Dodge: Dodged            ||     2
Block: Kite shield       ||     5
